cohdb
Replays
Latest Replays
All Replays
Popular Replays
Top Player Replays
Match Explorer
How It Works
Community
CoH3 Stats
Reddit
Sign in to upload your games and track your stats! →
Sign in with Steam
Match 45197675
Unlisted
Match 45197675
Overview
Messages
Build Orders
End
Selects Panzerjäger Kommand Battlegroup
250 Light Carrier
Panzerpioneer Squad
250 Light Carrier
Panzerpioneer Squad
Construct Light Support Kompanie
Selects GrB 39 Grenade Launcher Requisition
MG34 Team
Construct Mechanized Kompanie
Selects Mine Fields
Panzerpioneer Squad
Combat Half-tracks
Panzerjäger Mechanized Group
2.5-tonne Medical Truck
254 Reconnaissance Tractor
Panzerjäger Squad
Selects Defensive Positions
Construct Panzerarmee Kommand
Walking Stuka Rocket Launcher
Selects Butterfly Bomb Drop
Panzer III L Medium Tank
Butterfly Bomb Drop
2.5-tonne Medical Truck
Panzer III L Medium Tank
Selects Crew Shock Tactics
Butterfly Bomb Drop
Tungsten Core Ammunition
Vehicle Survival Package
Panzer III L Medium Tank
Butterfly Bomb Drop
DaRtH VaDeRX2020
MZMZ
manwab
JUBA
张学良
JRocinante
shor
PlammX
0
0
Comments
sign in to comment!
No comments posted yet!